 Dungeon Crawl Stone Soup version 0.26-a0-672-g1df16c3386 (webtiles) character file.

Game seed: 7626333397894294673

108 strifetoe the Magician (level 4, -1/52 HPs)
             Began as a Palentonga Hedge Wizard on Oct 19, 2020.
             Succumbed to an adder's poison
             ... on level 3 of the Dungeon.
             The game lasted 00:05:46 (3585 turns).

strifetoe the Magician (Palentonga Hedge Wizard)    Turns: 3585, Time: 00:05:46

Health: -1/52      AC: 22    Str: 11 (14) XL:     4   Next: 58%
Magic:  8/8        EV:  1    Int: 12 (15) God:
Gold:   98         SH:  0    Dex:  8 (9)  Spells: 6/9 levels left

rFire    . . .     SeeInvis +   h - +0 mace (protect)
rCold    . . .     Faith    .   (no shield)
rNeg     + + +     Spirit   .   (armour currently unavailable)
rPois    +         Reflect  .   (helmet currently unavailable)
rElec    .         Harm     .   (cloak currently unavailable)
rCorr    .         Rampage  .   (gloves currently unavailable)
MR       .....     Clarity  +   (no barding) Stlth +.........NoTele +
                                (no amulet)
HPRegen  0.17/turn              (no ring)
MPRegen  0.11/turn              (no ring)

@: mighty, lethally poisoned (-1 -> -13), tree-form, very slightly contaminated,
invisible
A: large, rugged brown scales 3, see invisible, clarity
a: no special abilities


You were on level 3 of the Dungeon.
You were a tree.
You visited 1 branch of the dungeon, and saw 3 of its levels.

You collected 98 gold pieces.

Inventory:

Hand Weapons
 a - a +0 dagger
 h - a +0 mace of protection (weapon)
 m - a +4 whip of pain
 t - a +3 dagger
Armour
 b - a +0 robe (melded)
 c - a +0 hat (melded)
 q - a +0 buckler
 s - a scarf of repulsion (melded)
Jewellery
 i - an uncursed amulet of faith {unknown}
Scrolls
 d - 3 scrolls of remove curse {unknown}
 f - a scroll of fear {unknown}
 o - 2 scrolls of identify {unknown}
 p - 2 scrolls of magic mapping {unknown}
Potions
 g - 2 potions of lignification
 j - a potion of invisibility
 r - a potion of curing {unknown}


   Skills:
 - Level 1.5 Dodging
 - Level 1.2 Stealth
 + Level 0.9 Shields
 - Level 3.0 Spellcasting
 - Level 3.0 Conjurations
 - Level 2.1 Summonings
   Level 1.0 Translocations


You had 6 spell levels left.
You knew the following spells:

 Your Spells              Type           Power        Failure   Level
a - Magic Dart            Conj           #...         7%          1
b - Call Imp              Summ           #.......     16%         2

Your spell library contained the following spells:

 Spells                   Type           Power        Failure   Level
 Blink                    Tloc           N/A          24%         2
 Slow                     Hex            #.......     36%         2
 Conjure Flame            Conj/Fire      #.......     36%         3
 Mephitic Cloud           Conj/Pois/Air  #.......     43%         3


Dungeon Overview and Level Annotations

Branches:
Dungeon (3/15)

Altars:


Innate Abilities, Weirdness & Mutations

(You are completely covered in rugged brown scales. (AC +3, +7% HP))
You have supernaturally acute eyesight. (SInv)
((Armour fits poorly on your strangely shaped body.))
((You can roll at foes to attack.))
((You have a long armoured tail.))
((You have a pair of small antennae on your head.))
((You have sharp toenails.))
You possess an exceptional clarity of mind.


Message History

You are very lightly contaminated with residual magic.
Okay, then.
It was a potion of mutation.
You feel extremely strange.
Your thoughts seem clearer.
Your toenails lengthen and sharpen.
A pair of antennae grows on your head!
* * * LOW HITPOINT WARNING * * *
You feel sick.
The adder bites you but does no damage. x2
It was a potion of degeneration.
There was something very wrong with that liquid.
You feel weakened.
You feel dopey.
You feel clumsy.
* * * LOW HITPOINT WARNING * * *
You feel sick. The adder bites you but does no damage.
It was a potion of might.
You feel very mighty all of a sudden. The adder bites you.
* * * LOW HITPOINT WARNING * * *
You are more poisoned.
The adder poisons you!
It was a potion of flight.
Your roots keep you in place.
You die...

#..........#
#..........##
####.......#...#
...........#.#.#
.............#(.
...........####.
##+#.............
###.......##..
#.♣........
#.S.....###
.............#
...###.......# .
#.......#
#.........
#.........
#........[
###+###...


You could see an adder.

Vanquished Creatures
  A hound zombie (D:3)
  Robin (D:2)
  2 adders (D:2)
  2 oozes (D:1)
  2 worms
  2 leopard geckos (D:2)
  3 bats (D:1)
  2 giant cockroaches (D:2)
  11 hobgoblins
  A quokka (D:2)
  3 frilled lizards
  11 goblins
  2 kobolds (D:2)
  3 rats
46 creatures vanquished.

Vanquished Creatures (others)
  A plant (D:1)
1 creature vanquished.

Grand Total: 47 creatures vanquished

Notes
Turn   | Place    | Note
-------+----------+-------------------------------------------
     0 | D:1      | strifetoe the Palentonga Hedge Wizard began the quest for
                  | the Orb.
     0 | D:1      | Reached XP level 1. HP: 14/14 MP: 4/4
    35 | D:1      | Reached skill level 1 in Conjurations
   489 | D:1      | Reached XP level 2. HP: 5/21 MP: 1/6
  1366 | D:2      | Reached XP level 3. HP: 21/27 MP: 7/7
  1600 | D:2      | Noticed Robin
  1647 | D:1      | HP: 1/27 [hobgoblin/+0 club[Robin] (2)]
  1932 | D:1      | Learned a level 2 spell: Call Imp
  1954 | D:1      | Reached skill level 1 in Summonings
  2236 | D:2      | Killed Robin
  2433 | D:2      | Reached XP level 4. HP: 35/35 MP: 8/8
  3582 | D:3      | Gained mutation: You possess an exceptional clarity of
                  | mind. [potion of mutation]
  3582 | D:3      | Gained mutation: You have sharp toenails. [potion of
                  | mutation]
  3582 | D:3      | Gained mutation: You have a pair of small antennae on your
                  | head. [potion of mutation]
  3582 | D:3      | HP: 2/52 [poisoned by an adder]
  3585 | D:3      | Succumbed to an adder's poison

Illustrated notes

Levels and vault maps discovered:
D:1:      minmay_arrival_stair_chambers, layout_basic, serial_bayou_pond_b
D:2:      layout_rooms, kennysheep_minor_cross, uniq_robin
D:3:      layout_basic

Skill      XL: |  1  2  3  4 |
---------------+-------------+-----
Conjurations   | 2 3 |  3.0
Summonings     | 1 2 |  2.1
Dodging        | |  1.5
Stealth        | |  1.2
Shields        | |  0.9
Spellcasting   | |  3.0
Translocations | |  1.0

Action                   |  1- 3 |  4- 6 || total
-------------------------+-------+-------++-------
Melee: Dagger            |    42 |       ||    42
       Tailslap          |     8 |     4 ||    12
       Mace              |   106 |    70 ||   176
 Cast: Magic Dart        |     7 |     5 ||    12
       Call Imp          |     1 |       ||     1
  Use: Potion            |       |     6 ||     6
Armor: Robe              |    87 |    24 ||   111
       Skin              |       |     5 ||     5
Dodge: Dodged            |   133 |    42 ||   175

Table legend: (Time is in decaauts)
 A = Elapsed time spent in this place.
 B = Non-inter-level travel time spent in this place.
 C = Inter-level travel time spent in this place.
 D = Time resting spent in this place.
 E = Time spent auto-exploring this place.
 F = Levels seen in this place.
 G = Mean time per level.
                   A        B        C        D        E       F      G
               +--------+--------+--------+--------+--------+-----+--------+
         Total |   3658 |   3576 |     82 |   1699 |   1332 |   3 | 1219.3 |
       Dungeon |   3658 |   3576 |     82 |   1699 |   1332 |   3 | 1219.3 |
               +--------+--------+--------+--------+--------+-----+--------+

Top non-repeatable levels by time:
     D:1: 1927 daAuts
     D:2: 1552 daAuts
     D:3: 178 daAuts
